 Dungeon Crawl Stone Soup version 0.13-a0-1536-gedae9ec (webtiles) character file.

1755 Kae the Basher (level 8, -5/69 HPs)
             Began as a Minotaur Berserker on June 9, 2013.
             Was a High Priest of Trog.
             Shot with an arrow by a centaur (17 damage)
             ... on Level 7 of the Dungeon.
             The game lasted 00:05:51 (5148 turns).

Kae the Basher (Minotaur Berserker)                 Turns: 5148, Time: 00:05:51

HP  -5/69        AC  2     Str 22      XL: 8   Next: 66%
MP   2/2         EV 14     Int  4      God: Trog [*****.]
Gold 118         SH  0     Dex 12      Spells:  0 memorised,  7 levels left

Res.Fire  : . . .   See Invis. : .   a - +0,-1 mace
Res.Cold  : . . .   Warding    : .   b - +0 animal skin
Life Prot.: . . .   Conserve   : .   (no shield)
Res.Poison: .       Res.Corr.  : .   (helmet restricted)
Res.Elec. : .       Clarity    : .   (no cloak)
Sust.Abil.: . .     Spirit.Shd : .   (no gloves)
Res.Mut.  : .       Stasis     : .   (no boots)
Res.Rott. : .       Flight     : .   (no amulet)
Saprovore : . . .                    (no ring)
                                     (no ring)

@: exhausted, slowed, very slow, slightly resistant to hostile enchantments,
unstealthy
A: retaliatory headbutt, horns 2
a: Burn Spellbooks, Berserk, Trog's Hand, Brothers in Arms, Renounce Religion


You were on level 7 of the Dungeon.
You worshipped Trog.
Trog was extremely pleased with you.
You were hungry.

You visited 1 branch of the dungeon, and saw 7 of its levels.

You collected 238 gold pieces.
You spent 140 gold pieces at shops.

Inventory:

Hand weapons
 a - a +0,-1 mace (weapon)
Armour
 b - a +0 animal skin (worn)
Comestibles
 c - 8 bread rations
 r - an apple
 w - a meat ration
Scrolls
 e - 6 scrolls of remove curse {unknown}
 f - a scroll of blinking {unknown}
 g - a scroll of enchant weapon I {unknown}
 h - a scroll of enchant armour {unknown}
 i - 3 scrolls of magic mapping {unknown}
 j - 2 scrolls of curse jewellery {unknown}
 k - 7 scrolls of teleportation {unknown}
 l - 2 scrolls of amnesia {unknown}
 q - 6 scrolls of identify {unknown}
 s - a scroll of curse weapon {unknown}
 u - a scroll of recharging {unknown}
 v - 5 scrolls of fog {unknown}
 x - a scroll of random uselessness {unknown}
 y - a scroll of curse armour {unknown}
 C - 3 scrolls of summoning {unknown}
Jewellery
 n - an uncursed amulet of clarity {unknown}
 D - an uncursed amulet of conservation {unknown}
Potions
 d - a potion of heal wounds
 m - a potion of restore abilities {unknown}
 o - a potion of flight {unknown}
 p - 3 potions of curing {unknown}
 t - 2 potions of brilliance {unknown}
 z - a potion of blood {unknown}
 A - a potion of poison {unknown}
 B - a potion of speed {unknown}


   Skills:
 + Level 6.3 Fighting
 * Level 8.8 Maces & Flails
 + Level 6.0 Armour
 + Level 5.5 Dodging


You had 7 spell levels left.
You didn't know any spells.

Dungeon Overview and Level Annotations

Branches:
Dungeon (7/27)
 Temple: D:4-7          Orc: D:6-11

Altars:
Trog

Shops:
D:6: +*


Innate Abilities, Weirdness & Mutations

You reflexively headbutt those who attack you in melee.
You have a pair of horns on your head.


Message History

Trog accepts your kill.
Your Armour skill increases to level 6!
You see here a giant club.
You feel a strong urge to attack something.
You completely miss the giant eyeball. You sock the giant eyeball!
You kill the giant eyeball!
Trog accepts your kill.
You are no longer berserk.
You are exhausted.
You feel yourself slow down.
You are feeling hungry.
You start resting.
A centaur comes into view.
A centaur is nearby!
The centaur shouts!
The centaur wields a bow.
The centaur shoots an arrow.
The arrow hits you!
* * * LOW HITPOINT WARNING * * *
The centaur shoots an arrow.
The arrow hits you!
You die...

..# ...## ....#
....#
#.....###..$.#
#.....#..#.. #
.##.S.#....# .#
....##.....#..#
#.....c.....#
#...#.#.#...#
#.#.#.#@#.### #
##.#.#.#.#G#
#.###.#......#.#.#
#.....#..#.###.#.#
#........#.# #)#.#
..#####..#.# #)#.
#......#.# #.#
#.####.#.# #.# #.#
#.#.# #.#


You could see a centaur.

Vanquished Creatures
  Pikel (D:4)
  The ghost of Kae the Chiller, an average DEIE of Sif Muna (D:3)
  An orc warrior (D:6)
  A phantom (D:4)
  A centaur (D:6)
  2 slaves (D:4)
  2 ogres
  A water moccasin (D:6)
  3 crimson imps
  A quasit (D:5)
  A hound (D:4)
  An iguana (D:5)
  2 orc wizards
  A scorpion (D:4)
  2 worker ants
  A jelly (D:6)
  12 adders
  A giant mite (D:4)
  2 inept feature mimics
  2 worms
  2 giant eyeballs
  4 giant geckos
  3 oozes
  9 orcs
  17 goblins
  8 hobgoblins
  7 kobolds
  4 quokkas
  2 ball pythons
  8 bats
  3 giant cockroaches
  2 giant newts
  A goblin zombie (D:5)
  A hobgoblin zombie (D:7)
  3 jackals (D:3)
  A kobold skeleton (D:6)
  2 kobold zombies
  2 quokka zombies (D:5)
  13 rats
131 creatures vanquished.

Notes
Turn   | Place    | Note
--------------------------------------------------------------
     0 | D:1      | Kae, the Minotaur Berserker, began the quest for the Orb.
     0 | D:1      | Reached XP level 1. HP: 19/19 MP: 0/0
   495 | D:1      | Reached skill level 4 in Maces & Flails
   524 | D:1      | Reached XP level 2. HP: 26/26 MP: 0/0
   672 | D:1      | Acquired Trog's second power
   821 | D:2      | Reached XP level 3. HP: 33/33 MP: 1/1
  1326 | D:2      | Reached skill level 5 in Maces & Flails
  1418 | D:3      | Reached XP level 4. HP: 36/40 MP: 1/1
  1485 | D:3      | Noticed Kae's ghost (average DEIE)
  1493 | D:3      | Killed Kae's ghost
  1493 | D:3      | Reached XP level 5. HP: 40/46 MP: 1/1
  2025 | D:3      | Reached skill level 6 in Maces & Flails
  2053 | D:3      | Found a bloodstained altar of Trog.
  2277 | D:4      | Reached XP level 6. HP: 53/53 MP: 2/2
  2747 | D:4      | Noticed a phantom
  2766 | D:4      | HP: 2/53 [phantom (8)]
  2810 | D:4      | Killed a phantom
  3067 | D:4      | Noticed a slave
  3072 | D:4      | Noticed a slave
  3074 | D:4      | Killed a slave
  3080 | D:4      | Killed a slave
  3085 | D:4      | Noticed a slave
  3090 | D:4      | Noticed Pikel
  3090 | D:4      | Noticed a slave
  3103 | D:4      | Killed Pikel
  3103 | D:4      | Reached skill level 5 in Fighting
  3103 | D:4      | Reached skill level 7 in Maces & Flails
  3103 | D:4      | Reached skill level 5 in Armour
  3103 | D:4      | Reached XP level 7. HP: 21/60 MP: 2/2
  3323 | D:4      | Acquired Trog's third power
  3369 | D:5      | Entered Level 5 of the Dungeon
  3398 | D:5      | Reached skill level 8 in Maces & Flails
  3527 | D:5      | Reached XP level 8. HP: 63/68 MP: 2/2
  3583 | D:5      | Reached skill level 5 in Dodging
  4113 | D:6      | Found Iwiamusa's Book Shop.
  4158 | D:6      | Found Wauzxymm's Serpentskin Sales.
  4297 | D:6      | Bought 11 poisoned arrows for 57 gold pieces
  4297 | D:6      | Bought 16 poisoned arrows for 83 gold pieces
  4437 | D:6      | HP: 3/69 [orc warrior/ spear (8)]
  4951 | D:6      | Paralysed by a giant eyeball for 2 turns
  5122 | D:7      | Paralysed by a giant eyeball for 3 turns
  5148 | D:7      | Shot with an arrow by a centaur

Action                   |  1- 3 |  4- 6 |  7- 9 || total
-------------------------+-------+-------+-------++-------
Melee: Mace              |    76 |   127 |   145 ||   348
Invok: Berserk           |       |     3 |     4 ||     7
       Trog's Hand       |       |     1 |     1 ||     2
  Use: Potion            |       |     2 |       ||     2
       Scroll            |       |     1 |       ||     1
